Montreal Canadiens vs Minnesota North Stars
Created - Monday, March 10, 2025 at 08:45
Goals
|
| Montreal Canadiens |
1 |
0 |
2 |
3 |
| Minnesota North Stars |
1 |
1 |
4 |
6 |
|
Shots
|
| Montreal Canadiens |
9 |
15 |
15 |
39 |
| Minnesota North Stars |
12 |
9 |
15 |
36 |
|
1st period
1. Minnesota North Stars , Jack Hughes 11 (Ryan Nugent-Hopkins 8) at 8:58
2. Montreal Canadiens , Dylan Larkin 15 (Vladimir Tarasenko 11) at 18:30
Penalties :
Erik Cernak (MNS) for Holding (Minor) at 4:57, Martin Necas (MTL) for Interference (Minor) at 12:33
2nd period
3. Minnesota North Stars , Frank Vatrano 10 (Valeri Nichushkin 17, William Karlsson 19) at 7:10
Penalties :
Evgeni Malkin (MNS) for Slashing (Minor) at 11:27, Neal Pionk (MNS) for Holding (Minor) at 19:01
3rd period
4. Montreal Canadiens , Dylan Larkin 16 (Vladimir Tarasenko 12, Justin Faulk 7) at 2:49
5. Minnesota North Stars , Jonathan Marchessault 14 (Evgeni Malkin 11) at 3:23 (PP)
6. Minnesota North Stars , Gustav Forsling 3 (Valeri Nichushkin 18, Erik Cernak 7) at 3:56
7. Montreal Canadiens , Vladimir Tarasenko 6 (Juraj Slafkovsky 6, Dylan Larkin 16) at 7:15
8. Minnesota North Stars , Valeri Nichushkin 22 (Gustav Forsling 8, Frank Vatrano 18) at 9:57
9. Minnesota North Stars , Jack Hughes 12 (Frank Vatrano 19) at 10:29
Penalties :
Dylan Larkin (MTL) for Slashing (Minor) at 3:13, Dylan Larkin (MTL) for Delaying the game (Minor) at 10:53, Rasmus Dahlin (MNS) for Tripping (Minor) at 14:25
Goalie Stats
Alexei Kolosov (MTL), 30 saves from 36 shots - (0.833), L, 0-1-0, 60:00 minutes
Logan Thompson (MNS), 36 saves from 39 shots - (0.923), W, 11-6-4, 60:00 minutes
Players Stats for Montreal Canadiens
Player Name G A P +/- PIM S H SB GA TA FO MP PP MP PK MP
------------------------------------------------------------------------------------
Adam Fox 0 0 0 -5 0 2 1 3 1 0 0/0 26:20 4:13 2:10
Alex Iafallo 0 0 0 -1 0 2 1 0 1 1 0/0 11:30 0:02 1:55
Andreas Athanasiou 0 0 0 -1 0 2 0 0 0 0 0/0 9:31 0:00 0:00
Brady Skjei 0 0 0 -5 0 1 2 1 0 1 0/0 26:44 3:43 2:10
Damon Severson 0 0 0 3 0 1 1 1 0 0 0/0 22:10 3:43 1:58
Dylan Larkin 2 1 3 0 4 4 0 1 0 0 11/21 18:36 3:56 0:00
Ethen Frank 0 0 0 -1 0 0 0 0 0 0 0/1 9:31 0:00 0:00
Evgeni Dadonov 0 0 0 0 0 2 1 0 0 0 0/0 9:19 0:02 0:00
Ilya Lyubushkin 0 0 0 0 0 1 0 0 0 1 0/0 11:30 0:00 0:00
Jack Johnson 0 0 0 0 0 1 0 1 0 0 0/0 11:30 0:00 0:00
Jake Evans 0 0 0 0 0 0 1 0 0 0 1/3 11:35 0:00 2:13
Juraj Slafkovsky 0 1 1 0 0 2 3 1 1 0 0/2 18:29 3:54 0:00
Justin Faulk 0 1 1 3 0 2 2 0 0 1 0/0 21:46 4:13 1:58
Martin Necas 0 0 0 -1 2 3 1 1 3 0 0/1 18:12 3:54 0:00
Patrik Laine 0 0 0 -1 0 6 0 0 0 0 1/3 18:26 4:00 0:00
Ryan Poehling 0 0 0 0 0 0 0 0 0 1 4/8 11:12 0:00 1:55
Teddy Blueger 0 0 0 -1 0 2 5 0 0 0 10/22 20:45 4:00 2:13
Vladimir Tarasenko 1 2 3 0 0 8 1 1 0 1 0/0 18:43 4:00 0:00
Players Stats for Minnesota North Stars
Player Name G A P +/- PIM S H SB GA TA FO MP PP MP PK MP
------------------------------------------------------------------------------------
Alexander Kerfoot 0 0 0 2 0 0 0 1 0 1 3/4 15:49 0:00 3:59
Brock Nelson 0 0 0 0 0 5 2 1 0 0 1/1 17:21 2:26 0:00
Dylan DeMelo 0 0 0 -1 0 2 1 0 0 0 0/0 20:25 0:00 3:43
Erik Cernak 0 1 1 4 2 3 0 0 0 0 0/0 16:12 0:00 0:00
Evan Rodrigues 0 0 0 0 0 0 0 2 1 0 1/2 7:36 0:00 0:00
Evgeni Malkin 0 1 1 0 2 3 1 0 2 0 10/21 17:21 2:26 0:00
Frank Vatrano 1 2 3 0 0 4 0 0 1 0 0/0 15:12 1:42 0:00
Gustav Forsling 1 1 2 4 0 2 0 0 0 1 0/0 22:07 1:46 4:13
Ivan Barbashev 0 0 0 0 0 0 0 0 0 0 0/0 7:36 0:00 0:00
Jack Hughes 2 0 2 2 0 3 0 0 0 0 2/4 13:04 1:42 0:00
Jonas Brodin 0 0 0 -1 0 2 0 1 0 1 0/0 19:43 1:46 4:13
Jonathan Marchessault 1 0 1 0 0 2 0 0 1 0 0/0 9:35 2:26 0:00
Lawson Crouse 0 0 0 0 0 3 0 0 1 1 1/1 19:08 0:00 3:57
Neal Pionk 0 0 0 -1 2 0 3 1 0 1 0/0 22:58 2:22 3:12
Rasmus Dahlin 0 0 0 -1 2 1 3 1 0 1 0/0 19:11 2:22 0:31
Ryan Nugent-Hopkins 0 1 1 2 0 0 0 0 0 0 4/8 15:54 0:00 3:59
Valeri Nichushkin 1 2 3 0 0 3 0 0 0 0 0/1 15:12 1:42 0:00
William Karlsson 0 1 1 0 0 3 2 0 0 0 12/19 17:36 0:00 3:57
3 Stars
1 - Gustav Forsling (MNS)
2 - Jack Hughes (MNS)
3 - Valeri Nichushkin (MNS)
Power Play
Montreal Canadiens - 0 on 4 Attempt(s) - 0.00%
Minnesota North Stars - 1 on 3 Attempt(s) - 33.33%
Penalty Kill
Montreal Canadiens - 2 on 3 Attempt(s) - 66.67%
- Score 0 goal in Penalty Kill
Minnesota North Stars - 4 on 4 Attempt(s) - 100.00%
- Score 0 goal in Penalty Kill
Team Stat
Montreal Canadiens - Hits : 19 - Faceoff Wins : 27 - Blocked Shots : 10 - Penalty Minutes : 6
Minnesota North Stars - Hits : 12 - Faceoff Wins : 34 - Blocked Shots : 7 - Penalty Minutes : 8
Official
Referees : Ian Walsh and Jon Mcisaac
Linesman : Shandor Alphonso and Travis Toomey
Game Notes
No Game Note
Finance
Level 1 -- Attendance: 4753 (79.22%) -- Ticket Income $475,300
Level 2 -- Attendance: 3624 (72.48%) -- Ticket Income $217,440
Level 3 -- Attendance: 2097 (69.90%) -- Ticket Income $73,395
Level 4 -- Attendance: 4048 (80.96%) -- Ticket Income $101,200
Luxury Box -- Attendance: 840 (84.00%) -- Ticket Income $168,000
Game was played at the Met Center.
Total Attendance: 15362 (76.81%)
Total Ticket Income: $1,035,335
Other Income: $362,367
Total Income: $1,397,702
Montreal Canadiens
5 vs 5 Forward
Center Left Wing Right Wing Time % Phy DF OF
1 Dylan Larkin Juraj Slafkovsky Vladimir Tarasenko 35 0 1 4
2 Teddy Blueger Patrik Laine Martin Necas 35 0 1 4
3 Ryan Poehling Evgeni Dadonov Jake Evans 20 0 2 3
4 Ethen Frank Andreas Athanasiou Alex Iafallo 10 0 2 3
5 vs 5 Defense
Defense Defense Time % Phy DF OF
1 Adam Fox Brady Skjei 35 0 3 2
2 Damon Severson Justin Faulk 30 0 3 2
3 Ilya Lyubushkin Jack Johnson 20 0 5 0
4 Adam Fox Brady Skjei 15 0 3 2
PowerPlay Forward
Center Left Wing Right Wing Time % Phy DF OF
1 Dylan Larkin Juraj Slafkovsky Martin Necas 50 0 0 5
2 Teddy Blueger Vladimir Tarasenko Patrik Laine 50 0 0 5
PowerPlay Defense
Defense Defense Time % Phy DF OF
1 Justin Faulk Adam Fox 50 0 0 5
2 Brady Skjei Damon Severson 50 0 0 5
Penalty Kill 4 Players Forward
Center Wing Time % Phy DF OF
1 Jake Evans Teddy Blueger 50 0 5 0
2 Ryan Poehling Alex Iafallo 50 0 5 0
Penalty Kill 4 Players Defense
Defense Defense Time % Phy DF OF
1 Adam Fox Brady Skjei 50 0 5 0
2 Damon Severson Justin Faulk 50 0 5 0
Penalty Kill - 3 Players Forward
Forward Time % Phy DF OF
1 Jake Evans 50 0 5 0
2 Teddy Blueger 50 0 5 0
Penalty Kill - 3 Players Defense
Defense Defense Time % Phy DF OF
1 Adam Fox Brady Skjei 50 0 5 0
2 Damon Severson Justin Faulk 50 0 5 0
4 vs 4 Forward
Center Wing Time % Phy DF OF
1 Dylan Larkin Martin Necas 50 1 2 2
2 Ryan Poehling Vladimir Tarasenko 50 1 2 2
4 vs 4 Defense
Defense Defense Time % Phy DF OF
1 Justin Faulk Adam Fox 50 1 3 1
2 Brady Skjei Damon Severson 50 1 3 1
Last Minutes Offensive
Center Left Wing Right Wing Defense Defense
Dylan Larkin Juraj Slafkovsky Martin Necas Adam Fox Brady Skjei
Last Minutes Defensive
Center Left Wing Right Wing Defense Defense
Dylan Larkin Teddy Blueger Jake Evans Adam Fox Brady Skjei
Goaltenders
Starting : Alexei Kolosov
Backup : Calle Clang
Extra Forwards
Normal : Dylan Larkin, Juraj Slafkovsky, Martin Necas - PP : Dylan Larkin, Juraj Slafkovsky - PK : Teddy Blueger
Extra Defensemen
Normal : Brady Skjei, Justin Faulk, Adam Fox - PP : Adam Fox - PK : Justin Faulk, Brady Skjei
Penalty Shots
Dylan Larkin, Vladimir Tarasenko, Martin Necas, Juraj Slafkovsky, Andreas Athanasiou
Scratches
David Rittich (Bruised Left Leg Injury)
Minnesota North Stars
5 vs 5 Forward
Center Left Wing Right Wing Time % Phy DF OF
1 William Karlsson Valeri Nichushkin Frank Vatrano 30 0 2 3
2 Evgeni Malkin Brock Nelson Lawson Crouse 30 0 2 2
3 Ryan Nugent-Hopkins Jack Hughes Alexander Kerfoot 25 0 2 3
4 Evan Rodrigues Jonathan Marchessault Ivan Barbashev 15 0 2 3
5 vs 5 Defense
Defense Defense Time % Phy DF OF
1 Rasmus Dahlin Neal Pionk 34 0 3 2
2 Gustav Forsling Erik Cernak 33 0 3 2
3 Jonas Brodin Dylan DeMelo 30 0 3 2
4 Rasmus Dahlin Neal Pionk 3 1 2 2
PowerPlay Forward
Center Left Wing Right Wing Time % Phy DF OF
1 Jack Hughes Valeri Nichushkin Frank Vatrano 50 1 2 2
2 Evgeni Malkin Brock Nelson Jonathan Marchessault 50 0 0 5
PowerPlay Defense
Defense Defense Time % Phy DF OF
1 Rasmus Dahlin Neal Pionk 50 0 2 3
2 Gustav Forsling Jonas Brodin 50 0 2 3
Penalty Kill 4 Players Forward
Center Wing Time % Phy DF OF
1 William Karlsson Lawson Crouse 50 0 5 0
2 Alexander Kerfoot Ryan Nugent-Hopkins 50 0 5 0
Penalty Kill 4 Players Defense
Defense Defense Time % Phy DF OF
1 Dylan DeMelo Neal Pionk 50 0 5 0
2 Gustav Forsling Jonas Brodin 50 0 5 0
Penalty Kill - 3 Players Forward
Forward Time % Phy DF OF
1 William Karlsson 50 0 5 0
2 Alexander Kerfoot 50 0 5 0
Penalty Kill - 3 Players Defense
Defense Defense Time % Phy DF OF
1 Erik Cernak Dylan DeMelo 50 1 2 2
2 Gustav Forsling Jonas Brodin 50 0 5 0
4 vs 4 Forward
Center Wing Time % Phy DF OF
1 Valeri Nichushkin William Karlsson 50 0 2 3
2 Evgeni Malkin Jack Hughes 50 1 2 2
4 vs 4 Defense
Defense Defense Time % Phy DF OF
1 Rasmus Dahlin Neal Pionk 50 0 3 2
2 Gustav Forsling Erik Cernak 50 0 3 2
Last Minutes Offensive
Center Left Wing Right Wing Defense Defense
William Karlsson Jack Hughes Frank Vatrano Rasmus Dahlin Neal Pionk
Last Minutes Defensive
Center Left Wing Right Wing Defense Defense
William Karlsson Lawson Crouse Alexander Kerfoot Erik Cernak Gustav Forsling
Goaltenders
Starting : Logan Thompson
Backup : Charlie Lindgren
Extra Forwards
Normal : Brock Nelson, Ryan Nugent-Hopkins, Alexander Kerfoot - PP : Brock Nelson, Ryan Nugent-Hopkins - PK : Alexander Kerfoot
Extra Defensemen
Normal : Jonas Brodin, Dylan DeMelo, Gustav Forsling - PP : Jonas Brodin - PK : Dylan DeMelo, Gustav Forsling
Penalty Shots
Valeri Nichushkin, William Karlsson, Evgeni Malkin, Jack Hughes, Brock Nelson
Scratches
Michael Rasmussen (Healthy), Cam York (Healthy), Matt Roy (Healthy)
% Time on Ice - Montreal Canadiens
Lines # - Real PCT - Wanted PCT - Time Play
Normal Forward
1 - 31% - 35% - 14:42
2 - 30% - 35% - 14:27
3 - 19% - 20% - 9:16
4 - 20% - 10% - 9:31
Normal Defense
1 - 33% - 35% - 15:46
2 - 34% - 30% - 16:29
3 - 24% - 20% - 11:30
4 - 9% - 15% - 4:11
PP Forward
1 - 50% - 50% - 3:56
2 - 50% - 50% - 4:00
PP Defense
1 - 53% - 50% - 4:13
2 - 47% - 50% - 3:43
PK Forward
1 - 54% - 50% - 2:13
2 - 46% - 50% - 1:55
PK Defense
1 - 52% - 50% - 2:10
2 - 48% - 50% - 1:58
PK3 Forward
1 - 0% - 50%
2 - 0% - 50%
PK3 Defense
1 - 0% - 50%
2 - 0% - 50%
44 Forward
1 - 0% - 50%
2 - 0% - 50%
44 Defense
1 - 0% - 50%
2 - 0% - 50%
Last Minute Offensive - 0:00
Last Minute Defensive - 0:00
Total
Forward - 60:00
Defense - 60:00
|
% Time on Ice - Minnesota North Stars
Lines # - Real PCT - Wanted PCT - Time Play
Normal Forward
1 - 29% - 30% - 13:46
2 - 32% - 30% - 15:19
3 - 23% - 25% - 11:15
4 - 16% - 15% - 7:36
Normal Defense
1 - 36% - 34% - 17:04
2 - 35% - 33% - 16:38
3 - 28% - 30% - 13:12
4 - 2% - 3% - 1:02
PP Forward
1 - 41% - 50% - 1:42
2 - 59% - 50% - 2:26
PP Defense
1 - 57% - 50% - 2:22
2 - 43% - 50% - 1:46
PK Forward
1 - 50% - 50% - 3:57
2 - 50% - 50% - 3:59
PK Defense
1 - 47% - 50% - 3:43
2 - 53% - 50% - 4:13
PK3 Forward
1 - 0% - 50%
2 - 0% - 50%
PK3 Defense
1 - 0% - 50%
2 - 0% - 50%
44 Forward
1 - 0% - 50%
2 - 0% - 50%
44 Defense
1 - 0% - 50%
2 - 0% - 50%
Last Minute Offensive - 0:00
Last Minute Defensive - 0:00
Total
Forward - 60:00
Defense - 60:00
|
Play-by-Play
1st period
0:01 of 1st period - Dylan Larkin wins face-off versus William Karlsson in neutral zone.
0:12 of 1st period - Wrist shot by William Karlsson.
0:12 of 1st period - Shot Misses the Net.
0:26 of 1st period - Neal Pionk is hit by Adam Fox and loses puck.
1:10 of 1st period - Wrist shot by Brock Nelson.
1:10 of 1st period - Stopped by Alexei Kolosov without a rebound.
1:11 of 1st period - Ryan Nugent-Hopkins wins face-off versus Ryan Poehling in Montreal Canadiens zone.
1:43 of 1st period - Wrist shot by Frank Vatrano.
1:43 of 1st period - Stopped by Alexei Kolosov with a rebound.
1:45 of 1st period - Slapshot by Gustav Forsling.
1:45 of 1st period - Deflect By Jake Evans.
1:45 of 1st period - Stopped by Alexei Kolosov with a rebound.
1:47 of 1st period - Wrist shot by Valeri Nichushkin.
1:47 of 1st period - Shot Misses the Net.
1:49 of 1st period - Slapshot by William Karlsson.
1:49 of 1st period - Shot Blocked by Brady Skjei.
2:05 of 1st period - Evan Rodrigues is hit by Teddy Blueger and loses puck.
3:16 of 1st period - Rasmus Dahlin is hit by Alex Iafallo and loses puck.
3:39 of 1st period - Slapshot by Alex Iafallo.
3:39 of 1st period - Stopped by Logan Thompson with a rebound.
3:41 of 1st period - Snap shot by Alex Iafallo.
3:41 of 1st period - Shot Misses the Net.
3:55 of 1st period - Snap shot by Andreas Athanasiou.
3:55 of 1st period - Stopped by Logan Thompson with a rebound.
3:57 of 1st period - Snap shot by Jack Johnson.
3:57 of 1st period - Shot Misses the Net.
3:59 of 1st period - Slapshot by Ilya Lyubushkin.
3:59 of 1st period - Shot Blocked by Neal Pionk.
4:01 of 1st period - Slapshot by Jack Johnson.
4:01 of 1st period - Stopped by Logan Thompson without a rebound.
4:02 of 1st period - William Karlsson wins face-off versus Patrik Laine in Minnesota North Stars zone.
4:13 of 1st period - Snap shot by William Karlsson.
4:13 of 1st period - Shot Misses the Net.
4:27 of 1st period - Erik Cernak is hit by Brady Skjei and loses puck.
4:57 of 1st period - Minor Penalty to Erik Cernak for Holding.
4:58 of 1st period - Dylan Larkin wins face-off versus William Karlsson in Minnesota North Stars zone.
5:34 of 1st period - Teddy Blueger is hit by Dylan DeMelo and loses puck.
6:57 of 1st period - Penalty to Erik Cernak is over, Erik Cernak is back on ice.
7:01 of 1st period - Snap shot by Evgeni Dadonov.
7:01 of 1st period - Stopped by Logan Thompson with a rebound.
7:03 of 1st period - Slapshot by Ilya Lyubushkin.
7:03 of 1st period - Stopped by Logan Thompson without a rebound.
7:04 of 1st period - Ryan Poehling wins face-off versus Evan Rodrigues in Minnesota North Stars zone.
8:50 of 1st period - Icing by Teddy Blueger.
8:51 of 1st period - Ryan Nugent-Hopkins wins face-off versus Patrik Laine in Montreal Canadiens zone.
8:52 of 1st period - Snap shot by Jack Hughes.
8:52 of 1st period - Shot Blocked by Martin Necas.
8:54 of 1st period - Backhand shot by Erik Cernak.
8:54 of 1st period - Stopped by Alexei Kolosov without a rebound.
8:55 of 1st period - Ryan Nugent-Hopkins wins face-off versus Dylan Larkin in Montreal Canadiens zone.
8:58 of 1st period - Snap shot by Jack Hughes.
8:58 of 1st period - Goal by Jack Hughes - Montreal Canadiens : 0 - Minnesota North Stars : 1.
8:59 of 1st period - William Karlsson wins face-off versus Dylan Larkin in neutral zone.
9:02 of 1st period - Snap shot by Frank Vatrano.
9:02 of 1st period - Stopped by Alexei Kolosov without a rebound.
9:03 of 1st period - William Karlsson wins face-off versus Dylan Larkin in Montreal Canadiens zone.
10:10 of 1st period - Damon Severson is hit by Rasmus Dahlin and loses puck.
10:17 of 1st period - Slapshot by Justin Faulk.
10:17 of 1st period - Stopped by Logan Thompson with a rebound.
10:31 of 1st period - Snap shot by Valeri Nichushkin.
10:31 of 1st period - Stopped by Alexei Kolosov without a rebound.
10:32 of 1st period - William Karlsson wins face-off versus Dylan Larkin in Montreal Canadiens zone.
11:07 of 1st period - Slapshot by Evgeni Malkin.
11:07 of 1st period - Shot Misses the Net.
12:33 of 1st period - Minor Penalty to Martin Necas for Interference.
12:34 of 1st period - Jack Hughes wins face-off versus Jake Evans in Montreal Canadiens zone.
12:38 of 1st period - Snap shot by Frank Vatrano.
12:38 of 1st period - Shot Misses the Net.
12:40 of 1st period - Slapshot by Gustav Forsling.
12:40 of 1st period - Shot Blocked by Adam Fox.
12:42 of 1st period - Wrist shot by Frank Vatrano.
12:42 of 1st period - Stopped by Alexei Kolosov without a rebound.
12:43 of 1st period - Jake Evans wins face-off versus Jack Hughes in Montreal Canadiens zone.
13:16 of 1st period - Off-side.
13:17 of 1st period - Evgeni Malkin wins face-off versus Ryan Poehling in neutral zone.
14:33 of 1st period - Penalty to Martin Necas is over, Martin Necas is back on ice.
15:06 of 1st period - William Karlsson is hit by Juraj Slafkovsky and loses puck.
15:35 of 1st period - Jack Hughes is hit by Martin Necas and loses puck.
15:45 of 1st period - Icing by Alexander Kerfoot.
15:46 of 1st period - Ryan Poehling wins face-off versus Evgeni Malkin in Minnesota North Stars zone.
16:03 of 1st period - Evgeni Malkin is hit by Jake Evans and loses puck.
16:21 of 1st period - Wrist shot by Valeri Nichushkin.
16:21 of 1st period - Shot Blocked by Juraj Slafkovsky.
16:23 of 1st period - Snap shot by Jonas Brodin.
16:23 of 1st period - Stopped by Alexei Kolosov without a rebound.
16:24 of 1st period - William Karlsson wins face-off versus Teddy Blueger in Montreal Canadiens zone.
16:33 of 1st period - Wrist shot by William Karlsson.
16:33 of 1st period - Stopped by Alexei Kolosov with a rebound.
17:16 of 1st period - Snap shot by Alex Iafallo.
17:16 of 1st period - Shot Misses the Net.
17:18 of 1st period - Slapshot by Jack Johnson.
17:18 of 1st period - Shot Misses the Net.
17:20 of 1st period - Slapshot by Ilya Lyubushkin.
17:20 of 1st period - Deflect By Alex Iafallo.
17:20 of 1st period - Shot Misses the Net.
17:20 of 1st period - Puck is out of play.
17:21 of 1st period - William Karlsson wins face-off versus Teddy Blueger in Minnesota North Stars zone.
17:28 of 1st period - Wrist shot by Frank Vatrano.
17:28 of 1st period - Shot Blocked by Jack Johnson.
17:30 of 1st period - Snap shot by Frank Vatrano.
17:30 of 1st period - Deflect By William Karlsson.
17:30 of 1st period - Stopped by Alexei Kolosov with a rebound.
18:26 of 1st period - Wrist shot by Martin Necas.
18:26 of 1st period - Stopped by Logan Thompson without a rebound.
18:27 of 1st period - Dylan Larkin wins face-off versus William Karlsson in Minnesota North Stars zone.
18:28 of 1st period - Snap shot by Vladimir Tarasenko.
18:28 of 1st period - Stopped by Logan Thompson with a rebound.
18:30 of 1st period - Slapshot by Dylan Larkin.
18:30 of 1st period - Goal by Dylan Larkin - Montreal Canadiens : 1 - Minnesota North Stars : 1.
18:31 of 1st period - William Karlsson wins face-off versus Juraj Slafkovsky in neutral zone.
18:34 of 1st period - Dylan Larkin is hit by William Karlsson and loses puck.
18:45 of 1st period - Slapshot by Valeri Nichushkin.
18:45 of 1st period - Shot Misses the Net.
18:47 of 1st period - Slapshot by Dylan DeMelo.
18:47 of 1st period - Stopped by Alexei Kolosov with a rebound.
19:12 of 1st period - Wrist shot by Dylan Larkin.
19:12 of 1st period - Shot Misses the Net.
Goals for this period are 1 for Montreal Canadiens vs 1 for Minnesota North Stars.
Shots for this period are 9 for Montreal Canadiens vs 12 for Minnesota North Stars.
2nd period
0:01 of 2nd period - Teddy Blueger wins face-off versus Evgeni Malkin in neutral zone.
0:08 of 2nd period - Martin Necas is hit by Brock Nelson and loses puck.
0:31 of 2nd period - Neal Pionk is hit by Vladimir Tarasenko and loses puck.
0:40 of 2nd period - Snap shot by Vladimir Tarasenko.
0:40 of 2nd period - Stopped by Logan Thompson with a rebound.
1:06 of 2nd period - Alexander Kerfoot is hit by Damon Severson and loses puck.
1:38 of 2nd period - Wrist shot by Vladimir Tarasenko.
1:38 of 2nd period - Shot Misses the Net.
1:44 of 2nd period - Snap shot by Jonathan Marchessault.
1:44 of 2nd period - Shot Misses the Net.
1:46 of 2nd period - Slapshot by Rasmus Dahlin.
1:46 of 2nd period - Stopped by Alexei Kolosov with a rebound.
2:02 of 2nd period - Snap shot by Patrik Laine.
2:02 of 2nd period - Stopped by Logan Thompson without a rebound.
2:03 of 2nd period - William Karlsson wins face-off versus Teddy Blueger in Minnesota North Stars zone.
2:20 of 2nd period - Wrist shot by Valeri Nichushkin.
2:20 of 2nd period - Stopped by Alexei Kolosov without a rebound.
2:21 of 2nd period - Brock Nelson wins face-off versus Dylan Larkin in Montreal Canadiens zone.
3:13 of 2nd period - Snap shot by Alex Iafallo.
3:13 of 2nd period - Stopped by Logan Thompson with a rebound.
3:21 of 2nd period - Alexander Kerfoot is hit by Justin Faulk and loses puck.
3:43 of 2nd period - Off-side.
3:44 of 2nd period - Evgeni Malkin wins face-off versus Teddy Blueger in neutral zone.
3:48 of 2nd period - Icing by Teddy Blueger.
3:49 of 2nd period - Evgeni Malkin wins face-off versus Teddy Blueger in Montreal Canadiens zone.
4:04 of 2nd period - Wrist shot by Patrik Laine.
4:04 of 2nd period - Stopped by Logan Thompson without a rebound.
4:05 of 2nd period - William Karlsson wins face-off versus Juraj Slafkovsky in Minnesota North Stars zone.
4:32 of 2nd period - Adam Fox is hit by Brock Nelson and loses puck.
4:53 of 2nd period - Wrist shot by Andreas Athanasiou.
4:53 of 2nd period - Stopped by Logan Thompson with a rebound.
4:55 of 2nd period - Slapshot by Damon Severson.
4:55 of 2nd period - Shot Blocked by Jonas Brodin.
5:35 of 2nd period - Ilya Lyubushkin is hit by Rasmus Dahlin and loses puck.
6:04 of 2nd period - Wrist shot by Dylan Larkin.
6:04 of 2nd period - Shot Blocked by Alexander Kerfoot.
6:06 of 2nd period - Wrist shot by Vladimir Tarasenko.
6:06 of 2nd period - Stopped by Logan Thompson without a rebound.
6:07 of 2nd period - Evgeni Malkin wins face-off versus Teddy Blueger in Minnesota North Stars zone.
6:49 of 2nd period - Frank Vatrano is hit by Evgeni Dadonov and loses puck.
7:10 of 2nd period - Snap shot by Frank Vatrano.
7:10 of 2nd period - Deflect By Andreas Athanasiou.
7:10 of 2nd period - Goal by Frank Vatrano - Montreal Canadiens : 1 - Minnesota North Stars : 2.
7:11 of 2nd period - Teddy Blueger wins face-off versus Evgeni Malkin in neutral zone.
7:26 of 2nd period - Teddy Blueger is hit by Neal Pionk and loses puck.
8:02 of 2nd period - Backhand shot by Evgeni Dadonov.
8:02 of 2nd period - Shot Misses the Net.
8:04 of 2nd period - Wrist shot by Jake Evans.
8:04 of 2nd period - Shot Misses the Net.
9:08 of 2nd period - Snap shot by Vladimir Tarasenko.
9:08 of 2nd period - Stopped by Logan Thompson with a rebound.
9:10 of 2nd period - Wrist shot by Vladimir Tarasenko.
9:10 of 2nd period - Stopped by Logan Thompson with a rebound.
9:47 of 2nd period - Ilya Lyubushkin is hit by Rasmus Dahlin and loses puck.
10:16 of 2nd period - Snap shot by Ryan Poehling.
10:16 of 2nd period - Deflect By Jake Evans.
10:16 of 2nd period - Shot Misses the Net.
10:16 of 2nd period - Puck is out of play.
10:17 of 2nd period - Patrik Laine wins face-off versus Evgeni Malkin in Minnesota North Stars zone.
10:20 of 2nd period - Wrist shot by Martin Necas.
10:20 of 2nd period - Stopped by Logan Thompson without a rebound.
10:21 of 2nd period - Teddy Blueger wins face-off versus Evgeni Malkin in Minnesota North Stars zone.
10:26 of 2nd period - Snap shot by Martin Necas.
10:26 of 2nd period - Shot Misses the Net.
10:32 of 2nd period - Justin Faulk is hit by Evgeni Malkin and loses puck.
10:51 of 2nd period - Snap shot by Vladimir Tarasenko.
10:51 of 2nd period - Shot Misses the Net.
11:27 of 2nd period - Minor Penalty to Evgeni Malkin for Slashing.
11:28 of 2nd period - Alexander Kerfoot wins face-off versus Teddy Blueger in Minnesota North Stars zone.
11:28 of 2nd period - Alexander Kerfoot is hit by Justin Faulk.
12:16 of 2nd period - Snap shot by Lawson Crouse.
12:16 of 2nd period - Shot Misses the Net.
12:18 of 2nd period - Wrist shot by William Karlsson.
12:18 of 2nd period - Stopped by Alexei Kolosov with a rebound.
12:20 of 2nd period - Snap shot by Lawson Crouse.
12:20 of 2nd period - Stopped by Alexei Kolosov without a rebound.
12:21 of 2nd period - Dylan Larkin wins face-off versus William Karlsson in Montreal Canadiens zone.
12:34 of 2nd period - Snap shot by Juraj Slafkovsky.
12:34 of 2nd period - Shot Misses the Net.
12:56 of 2nd period - Alexander Kerfoot is hit by Teddy Blueger and loses puck.
13:27 of 2nd period - Penalty to Evgeni Malkin is over, Evgeni Malkin is back on ice.
13:30 of 2nd period - Off-side.
13:31 of 2nd period - Evan Rodrigues wins face-off versus Ryan Poehling in neutral zone.
13:36 of 2nd period - Snap shot by Ivan Barbashev.
13:36 of 2nd period - Shot Hit the Post.
13:38 of 2nd period - Snap shot by Evan Rodrigues.
13:38 of 2nd period - Shot Misses the Net.
13:40 of 2nd period - Slapshot by Erik Cernak.
13:40 of 2nd period - Deflect By Jake Evans.
13:40 of 2nd period - Stopped by Alexei Kolosov with a rebound.
13:42 of 2nd period - Slapshot by Erik Cernak.
13:42 of 2nd period - Stopped by Alexei Kolosov without a rebound.
13:43 of 2nd period - Teddy Blueger wins face-off versus Evgeni Malkin in Montreal Canadiens zone.
13:50 of 2nd period - Wrist shot by Martin Necas.
13:50 of 2nd period - Shot Misses the Net.
13:52 of 2nd period - Slapshot by Patrik Laine.
13:52 of 2nd period - Stopped by Logan Thompson with a rebound.
13:54 of 2nd period - Wrist shot by Martin Necas.
13:54 of 2nd period - Deflect By Patrik Laine.
13:54 of 2nd period - Stopped by Logan Thompson with a rebound.
13:56 of 2nd period - Snap shot by Martin Necas.
13:56 of 2nd period - Stopped by Logan Thompson without a rebound.
13:57 of 2nd period - Dylan Larkin wins face-off versus Ryan Nugent-Hopkins in Minnesota North Stars zone.
14:00 of 2nd period - Snap shot by Vladimir Tarasenko.
14:00 of 2nd period - Stopped by Logan Thompson without a rebound.
14:01 of 2nd period - Ryan Nugent-Hopkins wins face-off versus Dylan Larkin in Minnesota North Stars zone.
14:54 of 2nd period - Wrist shot by Ryan Nugent-Hopkins.
14:54 of 2nd period - Deflect By Jack Hughes.
14:54 of 2nd period - Stopped by Alexei Kolosov without a rebound.
14:55 of 2nd period - Evgeni Malkin wins face-off versus Teddy Blueger in Montreal Canadiens zone.
14:58 of 2nd period - Wrist shot by Evgeni Malkin.
14:58 of 2nd period - Stopped by Alexei Kolosov with a rebound.
15:06 of 2nd period - Wrist shot by Brock Nelson.
15:06 of 2nd period - Shot Misses the Net.
18:21 of 2nd period - Wrist shot by Vladimir Tarasenko.
18:21 of 2nd period - Shot Blocked by Evan Rodrigues.
18:23 of 2nd period - Slapshot by Damon Severson.
18:23 of 2nd period - Stopped by Logan Thompson with a rebound.
18:25 of 2nd period - Wrist shot by Juraj Slafkovsky.
18:25 of 2nd period - Stopped by Logan Thompson without a rebound.
18:26 of 2nd period - Dylan Larkin wins face-off versus Evgeni Malkin in Minnesota North Stars zone.
18:52 of 2nd period - Martin Necas is hit by Neal Pionk.
19:01 of 2nd period - Minor Penalty to Neal Pionk for Holding.
19:02 of 2nd period - Alexander Kerfoot wins face-off versus Teddy Blueger in Minnesota North Stars zone.
Goals for this period are 0 for Montreal Canadiens vs 1 for Minnesota North Stars.
Shots for this period are 15 for Montreal Canadiens vs 9 for Minnesota North Stars.
3rd period
0:01 of 3rd period - Dylan Larkin wins face-off versus Alexander Kerfoot in neutral zone.
0:16 of 3rd period - Wrist shot by Adam Fox.
0:16 of 3rd period - Stopped by Logan Thompson with a rebound.
0:30 of 3rd period - Alexander Kerfoot is hit by Teddy Blueger.
1:01 of 3rd period - Penalty to Neal Pionk is over, Neal Pionk is back on ice.
1:03 of 3rd period - Rasmus Dahlin is hit by Teddy Blueger and loses puck.
1:14 of 3rd period - Backhand shot by Ryan Poehling.
1:14 of 3rd period - Shot Blocked by Evan Rodrigues.
1:16 of 3rd period - Slapshot by Evgeni Dadonov.
1:16 of 3rd period - Shot Blocked by Rasmus Dahlin.
2:10 of 3rd period - Icing by Erik Cernak.
2:11 of 3rd period - William Karlsson wins face-off versus Martin Necas in Minnesota North Stars zone.
2:28 of 3rd period - Ryan Nugent-Hopkins is hit by Teddy Blueger and loses puck.
2:47 of 3rd period - Wrist shot by Dylan Larkin.
2:47 of 3rd period - Shot Blocked by Brock Nelson.
2:49 of 3rd period - Wrist shot by Dylan Larkin.
2:49 of 3rd period - Goal by Dylan Larkin - Montreal Canadiens : 2 - Minnesota North Stars : 2.
2:50 of 3rd period - Evgeni Malkin wins face-off versus Dylan Larkin in neutral zone.
2:55 of 3rd period - Snap shot by Brock Nelson.
2:55 of 3rd period - Stopped by Alexei Kolosov with a rebound.
2:57 of 3rd period - Snap shot by Lawson Crouse.
2:57 of 3rd period - Stopped by Alexei Kolosov with a rebound.
2:59 of 3rd period - Wrist shot by Lawson Crouse.
2:59 of 3rd period - Shot Misses the Net.
3:01 of 3rd period - Slapshot by Dylan DeMelo.
3:01 of 3rd period - Stopped by Alexei Kolosov with a rebound.
3:03 of 3rd period - Snap shot by Brock Nelson.
3:03 of 3rd period - Shot Misses the Net.
3:05 of 3rd period - Slapshot by Dylan DeMelo.
3:05 of 3rd period - Shot Blocked by Vladimir Tarasenko.
3:07 of 3rd period - Slapshot by Dylan DeMelo.
3:07 of 3rd period - Shot Blocked by Adam Fox.
3:13 of 3rd period - Minor Penalty to Dylan Larkin for Slashing.
3:14 of 3rd period - Evgeni Malkin wins face-off versus Ryan Poehling in Montreal Canadiens zone.
3:15 of 3rd period - Snap shot by Jonathan Marchessault.
3:15 of 3rd period - Stopped by Alexei Kolosov with a rebound.
3:23 of 3rd period - Wrist shot by Evgeni Malkin.
3:23 of 3rd period - Deflect By Jonathan Marchessault.
3:23 of 3rd period - Goal by Jonathan Marchessault - Montreal Canadiens : 2 - Minnesota North Stars : 3.
3:24 of 3rd period - Teddy Blueger wins face-off versus William Karlsson in neutral zone.
3:54 of 3rd period - Slapshot by Gustav Forsling.
3:54 of 3rd period - Shot Blocked by Dylan Larkin.
3:56 of 3rd period - Slapshot by Gustav Forsling.
3:56 of 3rd period - Goal by Gustav Forsling - Montreal Canadiens : 2 - Minnesota North Stars : 4.
3:57 of 3rd period - Teddy Blueger wins face-off versus Evgeni Malkin in neutral zone.
4:00 of 3rd period - Slapshot by Patrik Laine.
4:00 of 3rd period - Deflect By Evgeni Malkin.
4:00 of 3rd period - Shot Misses the Net.
4:00 of 3rd period - Puck is out of play.
4:01 of 3rd period - Lawson Crouse wins face-off versus Teddy Blueger in Minnesota North Stars zone.
5:46 of 3rd period - Snap shot by Evgeni Malkin.
5:46 of 3rd period - Shot Misses the Net.
6:02 of 3rd period - Snap shot by Dylan Larkin.
6:02 of 3rd period - Stopped by Logan Thompson with a rebound.
6:04 of 3rd period - Wrist shot by Juraj Slafkovsky.
6:04 of 3rd period - Stopped by Logan Thompson without a rebound.
6:05 of 3rd period - Dylan Larkin wins face-off versus Ryan Nugent-Hopkins in Minnesota North Stars zone.
6:06 of 3rd period - Wrist shot by Vladimir Tarasenko.
6:06 of 3rd period - Stopped by Logan Thompson with a rebound.
6:18 of 3rd period - Snap shot by Dylan Larkin.
6:18 of 3rd period - Shot Misses the Net.
6:20 of 3rd period - Slapshot by Brady Skjei.
6:20 of 3rd period - Stopped by Logan Thompson without a rebound.
6:21 of 3rd period - Teddy Blueger wins face-off versus Evgeni Malkin in Minnesota North Stars zone.
6:24 of 3rd period - Snap shot by Patrik Laine.
6:24 of 3rd period - Stopped by Logan Thompson with a rebound.
6:26 of 3rd period - Slapshot by Adam Fox.
6:26 of 3rd period - Stopped by Logan Thompson without a rebound.
6:27 of 3rd period - Teddy Blueger wins face-off versus Evgeni Malkin in Minnesota North Stars zone.
7:07 of 3rd period - Wrist shot by Martin Necas.
7:07 of 3rd period - Deflect By Teddy Blueger.
7:07 of 3rd period - Shot Misses the Net.
7:07 of 3rd period - Puck is out of play.
7:08 of 3rd period - Dylan Larkin wins face-off versus Valeri Nichushkin in Minnesota North Stars zone.
7:13 of 3rd period - Slapshot by Dylan Larkin.
7:13 of 3rd period - Stopped by Logan Thompson with a rebound.
7:15 of 3rd period - Wrist shot by Juraj Slafkovsky.
7:15 of 3rd period - Deflect By Vladimir Tarasenko.
7:15 of 3rd period - Goal by Vladimir Tarasenko - Montreal Canadiens : 3 - Minnesota North Stars : 4.
7:16 of 3rd period - Dylan Larkin wins face-off versus William Karlsson in neutral zone.
8:05 of 3rd period - Icing by Alex Iafallo.
8:06 of 3rd period - Evgeni Malkin wins face-off versus Ethen Frank in Montreal Canadiens zone.
8:09 of 3rd period - Wrist shot by Brock Nelson.
8:09 of 3rd period - Stopped by Alexei Kolosov with a rebound.
8:41 of 3rd period - Backhand shot by Brock Nelson.
8:41 of 3rd period - Shot Misses the Net.
8:43 of 3rd period - Snap shot by Brock Nelson.
8:43 of 3rd period - Stopped by Alexei Kolosov with a rebound.
8:45 of 3rd period - Slapshot by Jonas Brodin.
8:45 of 3rd period - Stopped by Alexei Kolosov with a rebound.
8:47 of 3rd period - Wrist shot by Evgeni Malkin.
8:47 of 3rd period - Stopped by Alexei Kolosov with a rebound.
8:59 of 3rd period - Wrist shot by Lawson Crouse.
8:59 of 3rd period - Shot Blocked by Damon Severson.
9:01 of 3rd period - Slapshot by Lawson Crouse.
9:01 of 3rd period - Stopped by Alexei Kolosov with a rebound.
9:03 of 3rd period - Snap shot by Lawson Crouse.
9:03 of 3rd period - Shot Misses the Net.
9:05 of 3rd period - Snap shot by Evgeni Malkin.
9:05 of 3rd period - Stopped by Alexei Kolosov with a rebound.
9:07 of 3rd period - Slapshot by Brock Nelson.
9:07 of 3rd period - Stopped by Alexei Kolosov with a rebound.
9:51 of 3rd period - Off-side.
9:52 of 3rd period - William Karlsson wins face-off versus Dylan Larkin in neutral zone.
9:55 of 3rd period - Wrist shot by Valeri Nichushkin.
9:55 of 3rd period - Shot Misses the Net.
9:57 of 3rd period - Snap shot by Gustav Forsling.
9:57 of 3rd period - Deflect By Valeri Nichushkin.
9:57 of 3rd period - Goal by Valeri Nichushkin - Montreal Canadiens : 3 - Minnesota North Stars : 5.
9:58 of 3rd period - Dylan Larkin wins face-off versus William Karlsson in neutral zone.
10:29 of 3rd period - Slapshot by Jack Hughes.
10:29 of 3rd period - Goal by Jack Hughes - Montreal Canadiens : 3 - Minnesota North Stars : 6.
10:30 of 3rd period - Jack Hughes wins face-off versus Dylan Larkin in neutral zone.
10:53 of 3rd period - Minor Penalty to Dylan Larkin for Delaying the game.
10:54 of 3rd period - Ryan Poehling wins face-off versus Evgeni Malkin in Montreal Canadiens zone.
11:03 of 3rd period - Slapshot by Teddy Blueger.
11:03 of 3rd period - Stopped by Logan Thompson without a rebound.
11:04 of 3rd period - Evgeni Malkin wins face-off versus Jake Evans in Minnesota North Stars zone.
12:23 of 3rd period - Snap shot by Evgeni Malkin.
12:23 of 3rd period - Deflect By Alex Iafallo.
12:23 of 3rd period - Shot Blocked by Adam Fox.
12:23 of 3rd period - Puck is out of play.
12:24 of 3rd period - Ryan Poehling wins face-off versus Jack Hughes in Montreal Canadiens zone.
12:51 of 3rd period - Jack Hughes is hit by Brady Skjei and loses puck.
12:53 of 3rd period - Penalty to Dylan Larkin is over, Dylan Larkin is back on ice.
13:15 of 3rd period - Snap shot by Justin Faulk.
13:15 of 3rd period - Shot Misses the Net.
13:31 of 3rd period - Valeri Nichushkin is hit by Juraj Slafkovsky and loses puck.
14:02 of 3rd period - Wrist shot by Patrik Laine.
14:02 of 3rd period - Deflect By Teddy Blueger.
14:02 of 3rd period - Stopped by Logan Thompson without a rebound.
14:03 of 3rd period - Evgeni Malkin wins face-off versus Teddy Blueger in Minnesota North Stars zone.
14:25 of 3rd period - Minor Penalty to Rasmus Dahlin for Tripping.
14:26 of 3rd period - William Karlsson wins face-off versus Teddy Blueger in Minnesota North Stars zone.
15:03 of 3rd period - Slapshot by Justin Faulk.
15:03 of 3rd period - Stopped by Logan Thompson without a rebound.
15:04 of 3rd period - Alexander Kerfoot wins face-off versus Dylan Larkin in Minnesota North Stars zone.
16:25 of 3rd period - Penalty to Rasmus Dahlin is over, Rasmus Dahlin is back on ice.
17:13 of 3rd period - Dylan Larkin is hit by Neal Pionk and loses puck.
18:24 of 3rd period - Wrist shot by Patrik Laine.
18:24 of 3rd period - Stopped by Logan Thompson without a rebound.
18:25 of 3rd period - Teddy Blueger wins face-off versus Ryan Nugent-Hopkins in Minnesota North Stars zone.
18:52 of 3rd period - Dylan Larkin is hit by William Karlsson and loses puck.
19:18 of 3rd period - Snap shot by Evgeni Dadonov.
19:18 of 3rd period - Stopped by Logan Thompson without a rebound.
19:19 of 3rd period - Teddy Blueger wins face-off versus Ryan Nugent-Hopkins in Minnesota North Stars zone.
19:49 of 3rd period - Valeri Nichushkin is hit by Juraj Slafkovsky and loses puck.
Goals for this period are 2 for Montreal Canadiens vs 4 for Minnesota North Stars.
Shots for this period are 15 for Montreal Canadiens vs 15 for Minnesota North Stars.
Back to the Top